 Dungeon Crawl Stone Soup version 0.31.0-11-ge490571c62 (webtiles) character file.

Game seed: 11902585415819380744

67 Daunt the Caller (level 4, -2/24 HPs)
             Began as a Gargoyle Summoner on Jan 28, 2024.
             Slain by an orc
             ... wielding a +0 hand axe
              (4 damage)
             ... on level 3 of the Dungeon.
             The game lasted 00:06:35 (1610 turns).

Daunt the Caller (Gargoyle Summoner)                Turns: 1610, Time: 00:06:35

Health: -2/24      AC:  5    Str: 12    XL:     4   Next: 18%
Magic:  14/16      EV: 11    Int: 17    God:
Gold:   127        SH:  0    Dex: 10    Spells: 4/7 levels left

rFire   . . .        e - +0 short sword
rCold   . . .        (no shield)
rNeg    + + .        a - +0 robe
rPois   ∞            (no helmet)
rElec   +            (no cloak)
rCorr   .            (no gloves)
SInv    .            (no boots)
Will    .....        (no amulet)
Stlth   ++           f - ring of positive energy
HPRegen 0.24/turn    j - ring of magical power
MPRegen 0.15/turn

%: no passive effects
@: no status effects
A: sickness immunity, AC +3, negative energy resistance 1, electricity
resistance, torment resistance 1, petrification resistance
a: no special abilities


You were on level 3 of the Dungeon.
You visited 1 branch of the dungeon, and saw 3 of its levels.

You collected 127 gold pieces.

Inventory:

Hand Weapons
 e - a +0 short sword (weapon)
Missiles
 d - 27 stones
 i - 5 poisoned darts
 n - 6 boomerangs
Armour
 a - a +0 robe (worn)
Jewellery
 f - a ring of positive energy (left hand)
 j - a ring of magical power (right hand)
Scrolls
 c - a scroll of enchant weapon {unknown}
 g - 3 scrolls of identify {unknown}
 k - a scroll of revelation {unknown}
 l - 2 scrolls of poison {unknown}
 o - a scroll of vulnerability {unknown}
 r - a scroll of fear {unknown}
Potions
 b - a potion of magic
 h - a potion of enlightenment {unknown}
 m - a potion of degeneration {unknown}
 p - a potion of lignification {unknown}
 q - a potion of curing {unknown}
 s - a potion of might {unknown}


   Skills:
 - Level 1.5 Dodging
 - Level 2.1 Stealth
 - Level 2.0 Spellcasting
 + Level 5.1 Summonings


You had 4 spell levels left.
You knew the following spells:

 Your Spells              Type           Power      Damage    Failure   Level
a - Summon Small Mammal   Summ           76%        N/A       2%          1
i - Call Imp              Summ           38%        N/A       3%          2

Your spell library contained the following spells:

 Spells                   Type           Power      Damage    Failure   Level
 Call Canine Familiar     Summ           19%        N/A       7%          3
 Summon Blazeheart Golem  Fire/Summ      10%        N/A       56%         4
 Summon Lightning Spire   Summ/Air       10%        N/A       56%         4


Dungeon Overview and Level Annotations

Branches:
Dungeon (3/15)

Altars:


Innate Abilities, Weirdness & Mutations

You are immune to sickness and miasma.
Your stone body is resilient. (AC +3)
You are immune to poison.
You resist negative energy. (rN+)
You are resistant to electric shocks. (rElec)
You are resistant to unholy torment.
You are immune to petrification.


Message History

The orc wizard is heavily wounded.
Your quokka closely misses the orc wizard.
The orc wizard hits you with a +2 dagger of venom.
Something misses your quokka.
Your quokka barely misses the orc wizard.
Unknown command.
You are too injured to fight recklessly!
Unknown command.
You are too injured to fight recklessly!
Unknown command.
You are too injured to fight recklessly!
Unknown command.
You hit the orc wizard but do no damage.
The orc wizard is heavily wounded.
The orc wizard hits you but does no damage.
Something completely misses your quokka.
Your quokka closely misses the orc wizard.
You closely miss the orc wizard.
The orc wizard is heavily wounded.
The orc wizard hits you with a +2 dagger of venom.
Something hits your quokka!
Your quokka dies!
Your quokka's corpse disappears in a puff of smoke!
Unknown command.
Unknown command.
The orc wizard casts a spell at you.
The puff of flame hits your cerulean imp.
Your cerulean imp barely misses the orc wizard.
You hear a shout!
An orc comes into view. It is wielding a +0 flail.
The orc attacks as it pursues you! The orc hits you with a +0 hand axe.
* * * LOW HITPOINT WARNING * * *
The orc closely misses your cerulean imp.
The orc hits you with a +0 hand axe.
* * * LOW HITPOINT WARNING * * *
Your cerulean imp hits the orc with a -3 spear.
There is a stone staircase leading up here.
Unknown command.
The orc hits you with a +0 hand axe.
You die...

............###
...######.#...####
#.. .###o)..# .
#....S##.#
..########o##.#
#....#####5##.###
#............#
######....o.....#
####...##...@......#
...................#
##.#...#...<......#
#.#..###.........#
#.#.#.#.#........#
#.#...#...#.######
#.#...#...#.#
#.#...#.....#
#.....#...###


You could see an orc wizard (ally target), 2 orcs, a ball python and a friendly
cerulean imp (summoned).

Vanquished Creatures
  Jessica (D:2)
  An adder (D:2)
  An orc (D:3)
  3 endoplasms
  A giant cockroach (D:2)
  A goblin (D:1)
  A hobgoblin (D:3)
  A jackal (D:1)
  A quokka (D:1)
  4 bats
  4 kobolds
  A rat (D:2)
20 creatures vanquished.

Vanquished Creatures (collateral kills)
  A ball python (D:2)
  A goblin (D:1)
  3 hobgoblins
  A jackal (D:1)
  2 kobolds (D:1)
  2 bats (D:2)
  2 rats (D:2)
12 creatures vanquished.

Grand Total: 32 creatures vanquished

Notes
Turn   | Place    | Note
-------+----------+-------------------------------------------
     0 | D:1      | Daunt the Gargoyle Summoner began the quest for the Orb.
     0 | D:1      | Reached XP level 1. HP: 10/10 MP: 3/3
   204 | D:1      | Reached skill level 4 in Summonings
   204 | D:1      | Reached XP level 2. HP: 15/15 MP: 5/5
   367 | D:1      | Learned a level 2 spell: Call Imp
   369 | D:1      | Found a faded altar of an unknown god.
  1019 | D:2      | Reached XP level 3. HP: 17/19 MP: 6/6
  1268 | D:2      | Noticed Jessica
  1278 | D:2      | Killed Jessica
  1279 | D:2      | Reached skill level 5 in Summonings
  1279 | D:2      | Reached XP level 4. HP: 23/24 MP: 7/7
  1610 | D:3      | Slain by an orc

Illustrated notes

Levels and vault maps discovered:
D:1:      lemuel_arrival_tunnels, layout_loops_ring,
          shapermc_ecumenical_altar_mp_urbaneastern
D:2:      layout_rooms, kennysheep_nub, minmay_pentomino_v4, uniq_jessica
D:3:      layout_rooms, serial_shops, shop, nicolae_shop_real_fake_doors, shop,
          nicolae_shop_advertising_works [nicolae_subvault_shop_adworks]

Skill      XL: |  1  2  3 |
---------------+----------+-----
Summonings     | 4 5 |  5.1
Dodging        | |  1.5
Stealth        | |  2.1
Spellcasting   | |  2.0

Action                     |  1- 3 |  4- 6 || total
---------------------------+-------+-------++-------
  Melee: Short sword       |    86 |    26 ||   112
         Unarmed           |     4 |       ||     4
   Cast: Summon Small Mamm |    10 |     2 ||    12
         Call Imp          |     9 |     2 ||    11
   Stab: Sleeping          |     2 |       ||     2
 Armour: Robe              |    82 |    17 ||    99
  Dodge: Dodged            |    48 |    16 ||    64
